 Dungeon Crawl Stone Soup version 0.26-a0-682-g294304f6e8 (console) character file.

Game seed: 7870202716640021346

158 om the Gusty (level 5, 0/38 HPs)
             Began as a Draconian Air Elementalist on Oct 21, 2020.
             Slain by a river rat (5 damage)
             ... on level 3 of the Dungeon.
             The game lasted 00:05:58 (2895 turns).

om the Gusty (Draconian Air Elementalist)           Turns: 2895, Time: 00:05:59

Health: 0/38       AC:  5    Str: 12    XL:     5   Next: 16%
Magic:  8/8        EV: 12    Int: 15    God:
Gold:   71         SH:  0    Dex: 11    Spells: 3/9 levels left

rFire    + . .     SeeInvis .   c - +0 dagger (venom)
rCold    . . .     Faith    .   (no shield)
rNeg     . . .     Spirit   .   (armour unavailable)
rPois    +         Reflect  .   (helmet restricted)
rElec    .         Harm     .   (no cloak)
rCorr    .         Rampage  .   (no gloves)
MR       .....                  (no boots)
Stlth    ++........             (no amulet)
HPRegen  0.12/turn              f - ring of poison resistance
MPRegen  0.11/turn              l - ring of protection from fire

@: no status effects
A: unfitting armour, cold-blooded, AC +5
a: no special abilities


You were on level 3 of the Dungeon.
You visited 1 branch of the dungeon, and saw 3 of its levels.

You collected 71 gold pieces.

Inventory:

Hand Weapons
 c - a +0 dagger of venom (weapon)
Jewellery
 f - a ring of poison resistance (left hand)
 l - a ring of protection from fire (right hand)
Scrolls
 a - 4 scrolls of identify {unknown}
 h - a scroll of remove curse {unknown}
 k - a scroll of noise {unknown}
 m - a scroll of teleportation {unknown}
 n - 3 scrolls of fear {unknown}
Potions
 b - a potion of degeneration {unknown}
 d - a potion of flight {unknown}
 e - a potion of heal wounds {unknown}
 g - a potion of might
 i - 2 potions of lignification {unknown}
 j - a potion of curing {unknown}


   Skills:
 + Level 2.5 Dodging
 - Level 2.0 Stealth
 + Level 2.5 Spellcasting
 * Level 2.9 Conjurations
 * Level 4.1 Air Magic


You had 3 spell levels left.
You knew the following spells:

 Your Spells              Type           Power        Failure   Level
a - Shock                 Conj/Air       ##..         4%          1
b - Swiftness             Air            ##......     6%          2
c - Static Discharge      Conj/Air       ##......     14%         3

Your spell library contained the following spells:

 Spells                   Type           Power        Failure   Level
 Airstrike                Air            ##........   36%         4
 Lightning Bolt           Conj/Air       ##........   80%         5


Dungeon Overview and Level Annotations

Branches:
Dungeon (3/15)

Altars:
Ashenzari
Fedhas
Makhleb
Yredelemnul


Innate Abilities, Weirdness & Mutations

Your plain brown scales are hard. (AC +5)
You cannot fit into any form of body armour.
You are cold-blooded and may be slowed by cold attacks.


Message History

* * * LOW HITPOINT WARNING * * *
The river rat closely misses you. x2
The rat splashes around in the water.
The river rat bites you.
* * * LOW HITPOINT WARNING * * *
The rat closely misses you.
You open the door. 2 rats come into view.
The river rat misses you.
A ball python and a river rat come into view.
The ball python hisses angrily.
The river rat misses you. The rat closely misses you.
There is an open door here.
You hit the rat.
You kill the rat!
The river rat misses you.
The river rat bites you but does no damage.
You closely miss the river rat. The river rat bites you.
* * * LOW HITPOINT WARNING * * *
The river rat misses you. The river rat bites you.
You die...

#.# #.# #.#
#.# #.# #.#
#.# #.# #.#
#.#
####.####.#
#.......(.#
#≈.≈......#
#≈rr≈≈....#
#rr≈≈≈≈...#
#@###≈≈...#
#rr≈+≈≈≈..#
#S.≈#≈≈≈..#
#≈≈≈#≈....#
###########


You could see 3 river rats, a ball python and 3 rats.

Vanquished Creatures
  An orc priest (D:3)
  3 adders (D:2)
  An adder skeleton (D:2)
  3 worms
  A dart slug (D:1)
  2 leopard geckos (D:2)
  2 orcs (D:3)
  8 bats
  5 giant cockroaches
  7 goblins
  7 hobgoblins
  12 jackals
  11 kobolds
  2 quokkas
  5 frilled lizards
  13 rats
83 creatures vanquished.

Notes
Turn   | Place    | Note
-------+----------+-------------------------------------------
     0 | D:1      | om the Draconian Air Elementalist began the quest for the
                  | Orb.
     0 | D:1      | Reached XP level 1. HP: 14/14 MP: 3/3
   501 | D:1      | Reached XP level 2. HP: 20/20 MP: 5/5
   811 | D:1      | Found a broken altar of Ashenzari.
   871 | D:1      | Reached XP level 3. HP: 24/26 MP: 3/6
  1371 | D:2      | Found a basalt altar of Yredelemnul.
  1390 | D:2      | Reached XP level 4. HP: 31/33 MP: 1/7
  1401 | D:2      | Learned a level 2 spell: Swiftness
  1405 | D:2      | Learned a level 3 spell: Static Discharge
  2011 | D:2      | Found a burning altar of Makhleb.
  2214 | D:3      | Found a blossoming altar of Fedhas.
  2294 | D:3      | Reached skill level 4 in Air Magic
  2825 | D:3      | Reached XP level 5. HP: 9/38 MP: 4/8
  2895 | D:3      | Slain by a river rat

Illustrated notes

Levels and vault maps discovered:
D:1:      minmay_arrival_widening_spiral_wide, layout_rooms,
          nicolae_ashenzari_panopticon
D:2:      layout_loops_ring, lightli_temple_of_fire, lemuel_crystal_altar,
          minmay_statues_item
D:3:      layout_basic, fedhas_altar_3, portal_sewer_entry_e

Skill      XL: |  1  2  3  4 |
---------------+-------------+-----
Stealth        | 2 |  2.0
Dodging        | 2 |  2.5
Conjurations   | 2 |  2.9
Air Magic      | 4 |  4.1
Spellcasting   | |  2.5

Action                   |  1- 3 |  4- 6 || total
-------------------------+-------+-------++-------
Melee: Unarmed           |    29 |       ||    29
       Tailslap          |    12 |     8 ||    20
       Dagger            |    67 |    80 ||   147
 Cast: Shock             |    14 |    11 ||    25
  Use: Potion            |       |     1 ||     1
 Stab: Sleeping          |     5 |     5 ||    10
       Distracted        |       |     1 ||     1
Armor: Skin              |    57 |    17 ||    74
Dodge: Dodged            |    98 |    65 ||   163

Table legend: (Time is in decaauts)
 A = Elapsed time spent in this place.
 B = Non-inter-level travel time spent in this place.
 C = Inter-level travel time spent in this place.
 D = Time resting spent in this place.
 E = Time spent auto-exploring this place.
 F = Levels seen in this place.
 G = Mean time per level.
                   A        B        C        D        E       F      G
               +--------+--------+--------+--------+--------+-----+--------+
         Total |   2894 |   2835 |     59 |    740 |   1354 |   3 |  964.7 |
       Dungeon |   2894 |   2835 |     59 |    740 |   1354 |   3 |  964.7 |
               +--------+--------+--------+--------+--------+-----+--------+

Top non-repeatable levels by time:
     D:1: 1241 daAuts
     D:2: 939 daAuts
     D:3: 713 daAuts
